 Dungeon Crawl Stone Soup version 0.27-a0-1347-gd8886f0a89 (webtiles) character file.

Game seed: 3673607798591024864

10 dinky3 the Digger (level 2, 0/20 HPs)
             Began as a Draconian Earth Elementalist on June 28, 2021.
             Slain by a ball python (1 damage)
             ... on level 1 of the Dungeon.
             The game lasted 00:00:54 (136 turns).

dinky3 the Digger (Draconian Earth Elementalist)     Turns: 136, Time: 00:00:55

Health: 0/20       AC:  4    Str: 10    XL:     2   Next: 10%
Magic:  5/5        EV:  9    Int: 15    God:
Gold:   12         SH:  0    Dex: 11    Spells: 4/5 levels left

rFire    . . .     SeeInvis .   e - +0 dagger
rCold    . . .     Faith    .   (no shield)
rNeg     . . .     Spirit   .   (armour unavailable)
rPois    .         Reflect  .   (helmet restricted)
rElec    .         Harm     .   (no cloak)
rCorr    .         Rampage  .   (no gloves)
Will     .....                  (no boots)
Stlth    ++........             (no amulet)
HPRegen  0.06/turn              (no ring)
MPRegen  0.09/turn              (no ring)

@: constricted
A: AC +4, unfitting armour, cold-blooded
a: no special abilities


You were on level 1 of the Dungeon.
You visited 1 branch of the dungeon, and saw 1 of its levels.

You collected 12 gold pieces.

Inventory:

Hand Weapons
 a - a +0 spear
 d - a +0 short sword
 e - a +0 dagger (weapon)
Missiles
 b - 21 stones


   Skills:
 - Level 1.7 Dodging
 - Level 1.7 Stealth
 + Level 2.2 Spellcasting
 - Level 1.0 Transmutations
 * Level 3.4 Earth Magic


You had 4 spell levels left.
You knew the following spells:

 Your Spells              Type           Power      Damage    Failure   Level
a - Sandblast             Erth           24%        2d8       5%          1

Your spell library contained the following spells:

 Spells                   Type           Power      Damage    Failure   Level
 Passwall                 Tmut/Erth      6%         N/A       13%         2
 Stone Arrow              Conj/Erth      12%        3d7       32%         3
 Petrify                  Tmut/Erth      8%         N/A       65%         4
 Lee's Rapid Deconstruct  Erth           6%         3d7*      82%         5


Dungeon Overview and Level Annotations

Branches:
Dungeon (1/15)

Altars:

Shops:
D:1 [


Innate Abilities, Weirdness & Mutations

Your plain brown scales are hard. (AC +4)
You cannot fit into any form of body armour.
You are cold-blooded and may be slowed by cold attacks.


Message History

The bat hits you but does no damage.
You closely miss the bat. The bat hits you.
* * * LOW HITPOINT WARNING * * *
Unknown command.
You hit the bat.
Your tail-slap misses the bat.
The bat is heavily wounded.
The bat misses you. The bat hits you.
* * * LOW HITPOINT WARNING * * *
The bat hits you.
* * * LOW HITPOINT WARNING * * *
Casting: Sandblast (safe; 5% risk of failure)
Confirm with . or Enter, or press ? or * to list all spells.
Aiming: Sandblast (safe; 5% risk of failure)
Press: ? - help, Shift-Dir - straight line, f - goblin
Aim: a goblin, wielding a +0 dagger (74% to hit)
The blast of sand hits the goblin.
You kill the goblin!
The bat hits you.
* * * LOW HITPOINT WARNING * * *
The ball python bites you.
* * * LOW HITPOINT WARNING * * *
The ball python barely misses you. The ball python closely misses you.
The ball python grabs you. The ball python constricts you.
Found an escape hatch in the floor.
The ball python's grasp on you weakens, but your attempt to escape fails.
The giant cockroach bites you.
* * * LOW HITPOINT WARNING * * *
The ball python barely misses you. The ball python constricts you.
You escape the ball python's grasp.
A frilled lizard comes into view.
The giant cockroach closely misses you.
Found a yellow potion.
The bat misses you.
It was a potion of magic.
Magic courses through your body. The bat barely misses you.
The giant cockroach bites you but does no damage.
The ball python bites you but does no damage.
The ball python grabs you.
You die...

#.......#...#.<.#...#...
#...##.S.#...#.#...#..#
#....#....#...#...#...#
##b..##.....#.#...#....#
..S#.##.....##..)#.....#
##.#.##....#..#.#.#....#
#.#.##...#....#...#...#
#.#..#..#....#SB...#..#
#.##.#.#.......@b...#.#
#b# .##..............##
#†# .#########.#######
##.##..... ...
.......... .....
)......... ...>
.......... l..!.
................
..........


You could see a giant cockroach, a bat, a ball python and a frilled lizard
(asleep).

Vanquished Creatures
  A ball python (D:1)
  2 goblins (D:1)
  A kobold (D:1)
  A quokka (D:1)
  A bat (D:1)
  3 frilled lizards (D:1)
  A rat (D:1)
10 creatures vanquished.

Notes
Turn   | Place    | Note
-------+----------+-------------------------------------------
     0 | D:1      | dinky3 the Draconian Earth Elementalist began the quest for
                  | the Orb.
     0 | D:1      | Reached XP level 1. HP: 14/14 MP: 3/3
    80 | D:1      | Found Amacurch's Antique Armour Shoppe.
   118 | D:1      | Reached XP level 2. HP: 6/20 MP: 0/5
   133 | D:1      | HP: 1/20 [giant cockroach (1)]
   136 | D:1      | Slain by a ball python

Illustrated notes

Levels and vault maps discovered:
D:1:      matt_arrival_diagonals, layout_rooms, serial_shops,
          nicolae_shop_crystal, shapermc_ecumenical_altar_totnotflames,
          st_stairs_3

Action                   || total
-------------------------++-------
Melee: Dagger            ||    18
 Cast: Sandblast         ||     9
  Use: Potion            ||     1
Armor: Skin              ||    21
Dodge: Dodged            ||    27

Table legend: (Time is in decaauts)
 A = Elapsed time spent in this place.
 B = Non-inter-level travel time spent in this place.
 C = Inter-level travel time spent in this place.
 D = Time resting spent in this place.
 E = Time spent auto-exploring this place.
 F = Levels seen in this place.
 G = Mean time per level.
                   A        B        C        D        E       F      G
               +--------+--------+--------+--------+--------+-----+--------+
         Total |    135 |    135 |      0 |      0 |      0 |   1 |  135.0 |
       Dungeon |    135 |    135 |      0 |      0 |      0 |   1 |  135.0 |
               +--------+--------+--------+--------+--------+-----+--------+

Top non-repeatable levels by time:
     D:1: 135 daAuts
